 Dungeon Crawl Stone Soup version 0.30-a0-596-g0af90f9a20 (webtiles) character file.

Game seed: 1407599059256388795

82 mangosap the Trooper (level 4, 0/35 HPs)
             Began as a Human Berserker on Jan 6, 2023.
             Was a Believer of Trog.
             Slain by an iguana (5 damage)
             ... on level 6 of the Dungeon.
             The game lasted 00:24:59 (4540 turns).

mangosap the Trooper (Human Berserker)              Turns: 4540, Time: 00:24:59

Health: 0/35       AC:  9    Str: 20      XL:     4   Next: 70%
Magic:  4/4        EV: 23    Int:  7      God:    Trog [**....]
Gold:   103        SH:  0    Dex: 11 (12) Spells: 3/3 levels left

rFire   . . .      SeeInvis .    l - +2 dagger (venom)
rCold   + . .      Faith    .    (no shield)
rNeg    . . .      Spirit   .    t - +0 chain mail
rPois   .          Reflect  .    (no helmet)
rElec   .          Harm     .    (no cloak)
rCorr   .          Rampage  .    (no gloves)
Will    .....                    (no boots) Stlth
                                 k - amulet of the acrobat
HPRegen 0.25/turn                g - ring of protection from cold
MPRegen 0.09/turn                (no ring)

@: acrobatic
A: no striking features
a: Renounce Religion, Berserk, Trog's Hand


You were on level 6 of the Dungeon.
You worshipped Trog.
Trog was pleased with you.
You visited 1 branch of the dungeon, and saw 4 of its levels.

You collected 103 gold pieces.

Inventory:

Hand Weapons
 a - a +0 mace
 f - a +0 short sword
 j - a +0 rapier
 l - a +2 dagger of venom (weapon)
 q - a +0 whip
Missiles
 r - 8 stones (quivered)
 s - 5 poisoned darts
Armour
 b - a +0 animal skin
 c - a +0 ring mail
 t - a +0 chain mail (worn)
Jewellery
 g - a ring of protection from cold (left hand)
 k - an amulet of the acrobat (around neck)
Wands
 u - a wand of digging (6)
Scrolls
 e - a scroll of noise {unknown}
 i - 2 scrolls of immolation
 m - 2 scrolls of enchant weapon {unknown}
 o - a scroll of vulnerability {unknown}
 p - a scroll of blinking
Potions
 d - 2 potions of resistance {unknown}
 h - a potion of heal wounds {unknown}
 n - 2 potions of curing


   Skills:
 + Level 3.5 Fighting
 + Level 1.1 Short Blades
 + Level 3.2 Maces & Flails
 + Level 3.1 Armour
 + Level 2.6 Dodging


You had 3 spell levels left.
You didn't know any spells.
Your spell library contained the following spells:

 Spells                   Type           Power      Damage    Failure   Level
 Freeze                   Ice            0%         1d3       99%         1
 Frozen Ramparts          Ice            0%         1d1       100%        3
 Hailstorm                Conj/Ice       0%         3d3       100%        3


Dungeon Overview and Level Annotations

Branches:
Dungeon (3/15)

Altars:

Annotations:
D:6 Menkaure


Message History

Menkaure, Prince of Dust comes into view.
Menkaure shouts!
Menkaure casts a spell.
Menkaure seems to speed up.
Menkaure calls on the powers of darkness!
Your body is wracked with pain!
Menkaure calls on the powers of darkness!
Your body is wracked with pain!
* * * LOW HITPOINT WARNING * * *
The white imp attacks as you move away! The white imp completely misses you.
There are monsters nearby!
The white imp closely misses you.
The white imp summons a swarm of flies.
An iguana comes into view.
The iguana hisses angrily.
The white imp gestures at you. The puff of frost hits you. You resist.
* * * LOW HITPOINT WARNING * * *
The iguana attacks as you move away! The iguana bites you.
* * * LOW HITPOINT WARNING * * *
The white imp gestures at you. The puff of frost misses you.
You barely miss the iguana. You hit the iguana but do no damage.
The iguana is poisoned.
The iguana bites you but does no damage.
The iguana attacks as you move away! The iguana closely misses you.
The iguana attacks as you move away!
The iguana bites you but does no damage.
Menkaure calls on the powers of darkness!
The iguana convulses!
Your body is wracked with pain!
* * * LOW HITPOINT WARNING * * *
The iguana attacks as you move away! The iguana closely misses you.
The iguana attacks as you move away! The iguana completely misses you.
The iguana attacks as you move away! The iguana completely misses you.
The iguana attacks as you move away! The iguana closely misses you.
Menkaure calls on the powers of darkness!
The iguana convulses!
Your body is wracked with pain!
* * * LOW HITPOINT WARNING * * *
The iguana attacks as you move away! The iguana bites you.
You die...

#.####.## #.# #5# #.#
#.# #.# #M# ###.##
#.####.....
####5.........
#.............
.#..#######.#######.....
.......@l.M.# #.....
##..######### ##.### #.
#. #. #.


You could see Menkaure (fast) and an iguana (poisoned).

Vanquished Creatures
  2 adders
  A worm (D:2)
  4 dart slugs
  5 endoplasms
  A giant cockroach (D:3)
  6 goblins
  4 hobgoblins
  4 jackals (D:1)
  3 quokkas
  5 ball pythons
  4 bats
  2 frilled lizards
  8 kobolds
  4 rats
53 creatures vanquished.

Notes
Turn   | Place    | Note
-------+----------+-------------------------------------------
     0 | D:1      | mangosap the Human Berserker began the quest for the Orb.
     0 | D:1      | Reached XP level 1. HP: 18/18 MP: 1/1
   191 | D:1      | Reached XP level 2. HP: 24/24 MP: 2/2
  1260 | D:1      | Reached XP level 3. HP: 15/29 MP: 3/3
  3440 | D:2      | Reached XP level 4. HP: 35/35 MP: 4/4
  3698 | D:2      | Reached ** piety under Trog
  4447 | D:3      | Reached skill level 1 in Short Blades
  4494 | D:3      | You fall into a shaft and drop 3 floors!
  4509 | D:6      | Noticed Menkaure
  4540 | D:6      | Slain by an iguana

Illustrated notes

Levels and vault maps discovered:
D:1:      psy_arrival_heroes, layout_basic, chequers_serial_rivers_micro_b,
          minmay_bisected
D:2:      minmay_alternating_diamond, layout_basic, minmay_stone_trees_small,
          chequers_serial_rivers_marsh
D:3:      layout_basic, minmay_misc_feat_more_columns,
          chequers_serial_rivers_micro_a, uniq_terence
D:6:      layout_loops_ring, mainiacjoe_overflow_brackets,
          general_overflow_altar, grunt_temple_overflow_open,
          chequers_serial_rivers_small_a, uniq_edmund, uniq_menkaure

Skill      XL: |  1  2  3  4 |
---------------+-------------+-----
Armour         | 3 |  3.1
Short Blades   | 1 |  1.1
Fighting       | |  3.5
Maces & Flails | |  3.2
Dodging        | |  2.6

Action                   |  1- 3 |  4- 6 || total
-------------------------+-------+-------++-------
Melee: Mace              |    56 |       ||    56
       Punch             |     1 |       ||     1
       Rapier            |    49 |       ||    49
       Dagger            |    12 |    47 ||    59
Throw: Stone             |     9 |     4 ||    13
Invok: Berserk           |     2 |       ||     2
  Use: Scroll            |     5 |       ||     5
       Potion            |     2 |       ||     2
Armor: Ring mail         |    53 |     7 ||    60
       Animal skin       |     1 |       ||     1
       Chain mail        |       |     9 ||     9
Dodge: Dodged            |   114 |    38 ||   152

Table legend: (Time is in decaauts)
 A = Elapsed time spent in this place.
 B = Non-inter-level travel time spent in this place.
 C = Inter-level travel time spent in this place.
 D = Time resting spent in this place.
 E = Time spent auto-exploring this place.
 F = Levels seen in this place.
 G = Mean time per level.
                   A        B        C        D        E       F      G
               +--------+--------+--------+--------+--------+-----+--------+
         Total |   4582 |   3612 |    970 |   1789 |      0 |   4 | 1145.5 |
       Dungeon |   4582 |   3612 |    970 |   1789 |      0 |   4 | 1145.5 |
               +--------+--------+--------+--------+--------+-----+--------+

Top non-repeatable levels by time:
     D:1: 2706 daAuts
     D:2: 1291 daAuts
     D:3: 538 daAuts
     D:6: 45 daAuts
